 Dungeon Crawl Stone Soup version 0.32-a0-711-g016ad743e0 (webtiles) character file.

Game seed: 1257477800565125834

3360 BubbleThief the Covert (level 10, -5/58 HPs)
             Began as a Kobold Brigand on Mar 16, 2024.
             Was a Believer of Uskayaw.
             Killed by divine providence
             ... invoked by an orc priest
              (13 damage)
             ... on level 9 of the Dungeon.
             The game lasted 00:12:19 (7430 turns).

BubbleThief the Covert (Kobold Brigand)             Turns: 7430, Time: 00:12:19

Health: -5/58      AC:  4    Str:  8    XL:     10   Next: 23%
Magic:  10/10      EV: 16    Int: 13    God:    Uskayaw [**....]
Gold:   347        SH:  0    Dex: 21    Spells: 9/9 levels left

rFire   . . .        p - +4 dagger
rCold   . . .        j - orb {guile}
rNeg    . . .        b - +0 robe
rPois   .            l - +0 helmet
rElec   .            c - +0 cloak
rCorr   +            (no gloves)
SInv    .            (no boots)
Will    .....        (no amulet)
Stlth   +++++++      s - ring of resist corrosion
HPRegen 0.29/turn    (no ring)
MPRegen 0.12/turn

%: no passive effects
@: lethally poisoned (-5 -> -8), studying Unarmed Combat
A: small, no large weapons, nightstalker 3
a: Renounce Religion, Stomp, Line Pass


You were on level 9 of the Dungeon.
You worshipped Uskayaw.
Uskayaw was noncommittal.
You visited 2 branches of the dungeon, and saw 10 of its levels.

You collected 452 gold pieces.
You spent 105 gold pieces at shops.

Inventory:

Hand Weapons
 p - a +4 dagger (weapon)
 v - a +2 vampiric dagger
 A - a +0 rapier
Missiles
 d - 22 poisoned darts
 e - 4 curare-tipped darts (quivered)
Armour
 b - a +0 robe (worn)
 c - a +0 cloak (worn)
 j - an orb of guile (worn)
 l - a +0 helmet (worn)
Jewellery
 s - a ring of resist corrosion (left hand)
Wands
 n - a wand of paralysis (5)
 r - a wand of polymorph (5)
 x - a wand of quicksilver (19)
Scrolls
 a - a scroll of blinking
 h - 5 scrolls of teleportation
 o - a scroll of enchant armour {unknown}
 q - 2 scrolls of revelation {unknown}
 t - a scroll of identify
 y - a scroll of immolation {unknown}
 B - a scroll of fog {unknown}
Potions
 g - a potion of magic
 i - a potion of haste {unknown}
 k - 2 potions of lignification
 m - a potion of enlightenment {unknown}
 u - a potion of heal wounds {unknown}
 w - 2 potions of brilliance
 z - 2 potions of might


   Skills:
 + Level 4.3 Fighting
 + Level 12.1 Short Blades
 + Level 2.5 Throwing
 + Level 4.2 Dodging
 + Level 13.8 Stealth


You had 9 spell levels left.
You didn't know any spells.
Your spell library contained the following spells:

 Spells                   Type           Power      Damage    Failure   Level
 Summon Small Mammal      Summ           0%         N/A       30%         1
 Static Discharge         Conj/Air       0%         3-3/arc   43%         2
 Call Canine Familiar     Summ           0%         N/A       67%         3
 Fugue of the Fallen      Necr           0%         N/A       67%         3
 Ozocubu's Armour         Ice            0%         N/A       67%         3
 Passwall                 Erth           0%         N/A       67%         3
 Sigil of Binding         Hex            0%         N/A       67%         3
 Volatile Blastmotes      Fire/Tloc      0%         2d10      67%         3
 Airstrike                Air            0%         2d(0-16)  97%         4
 Brom's Barrelling Bould  Conj/Erth      0%         2d3       97%         4
 Dimensional Bullseye     Hex/Tloc       0%         N/A       97%         4
 Manifold Assault         Tloc           0%         N/A       97%         4
 Summon Blazeheart Golem  Fire/Summ      0%         N/A       97%         4
 Summon Lightning Spire   Summ/Air       0%         N/A       97%         4
 Fireball                 Conj/Fire      0%         3d3       100%        5
 Iskenderun's Battlesphe  Conj           0%         2d6       100%        5
 Bombard                  Conj/Erth      0%         9d1       100%        6
 Conjure Ball Lightning   Conj/Air       0%         3x3d6     100%        6
 Orb of Destruction       Conj           0%         9d5       100%        7


Dungeon Overview and Level Annotations

Branches:
Dungeon (8/15)             Temple (1/1) D:4
   Lair: D:8-11

Altars:
Ashenzari
Cheibriados
Dithmenos
Elyvilon
Fedhas
Gozag
Hepliaklqana
Kikubaaqudgha
Makhleb
Nemelex Xobeh
Okawaru
Qazlal
Ru
Sif Muna
Trog
Uskayaw
Vehumet
Wu Jian
Xom
Yredelemnul
Zin
The Shining One

Shops:
D:3 ?

Annotations:
D:2 Natasha
D:4 2 transporters, Fractals's ghost, amateur DsGl


Innate Abilities, Weirdness & Mutations

You are small and have problems with some larger weapons.
You are completely attuned to the shadows.


Message History

You miss the killer bee.
The killer bee is almost dead.
The killer bee barely misses you.
You completely miss the killer bee.
The killer bee is almost dead.
The killer bee closely misses you.
You miss the killer bee.
The killer bee is almost dead.
The killer bee stings you.
* * * LOW HITPOINT WARNING * * *
You are poisoned.
The killer bee poisons you!
You miss the killer bee.
The killer bee is almost dead.
You feel sick. The killer bee completely misses you.
Unknown command.
You hit the killer bee.
The killer bee is almost dead.
You feel sick. The killer bee closely misses you.
Unknown command.
You barely miss the killer bee.
The killer bee is almost dead.
You feel sick. The killer bee misses you.
Unknown command.
You barely miss the killer bee.
The killer bee is almost dead.
You feel sick.
The killer bee stings you but does no damage.
Unknown command.
You closely miss the killer bee.
The killer bee is almost dead.
The killer bee completely misses you.
Unknown command.
You hit the killer bee but do no damage.
The killer bee is almost dead.
You feel sick.
The orc priest calls down the wrath of Beogh upon you.
Beogh smites you!
You die...
Your body falls in perfect tune with the rhythm.

#......#
#......#
.###......#
.........#
####.# #@#
....####y#
#..oW.oW#
##.####.#
#.# #...
########†#
#.###
.....y..o#
.#
##.o#####
#..))....


You could see a wraith, a killer bee and an orc priest.

Vanquished Creatures
  Prince Ribbit (D:8)
  Grinder (D:4)
  Grum (D:8)
  Eustachio (D:6)
  2 water moccasins
  2 orc warriors
  A black bear (D:8)
  An ice beast (D:5)
  3 wolves (D:8)
  2 sky beasts
  5 ogres
  A centaur (D:5)
  2 kobold brigands (D:7)
  A bullfrog (D:7)
  3 scorpions
  2 killer bees (D:9)
  2 electric eels (D:6)
  5 hounds
  An orc priest (D:6)
  3 gnoll boudas
  Natasha (D:2)
  4 iguanas
  An orc wizard (D:6)
  Robin (D:3)
  10 gnolls
  2 adders
  A white imp (D:5)
  4 ufetubi
  A ribbon worm (D:4)
  2 dart slugs
  8 orcs
  7 ball pythons
  6 endoplasms
  A giant cockroach (D:4)
  19 goblins
  9 hobgoblins
  4 jackals
  13 kobolds
  7 quokkas
  6 bats
  3 frilled lizards
  4 rats
154 creatures vanquished.

Notes
Turn   | Place    | Note
-------+----------+-------------------------------------------
     0 | D:1      | BubbleThief the Kobold Brigand began the quest for the Orb.
     0 | D:1      | Reached XP level 1. HP: 12/12 MP: 1/1
   177 | D:1      | Reached XP level 2. HP: 17/17 MP: 2/2
   315 | D:1      | Reached XP level 3. HP: 21/21 MP: 3/3
   322 | D:1      | Reached skill level 6 in Stealth
   954 | D:2      | Reached XP level 4. HP: 17/26 MP: 4/4
  1016 | D:2      | Noticed Natasha
  1019 | D:2      | Killed Natasha
  1605 | D:2      | Noticed Natasha
  1902 | D:3      | Noticed Robin
  2076 | D:3      | Reached XP level 5. HP: 30/30 MP: 5/5
  2103 | D:3      | Reached skill level 7 in Stealth
  2119 | D:3      | Killed Robin
  2120 | D:3      | Reached skill level 5 in Short Blades
  2311 | D:3      | Found Ilutytuj's Magic Scroll Boutique.
  2315 | D:3      | Bought a scroll of blinking for 105 gold pieces
  2365 | D:3      | Found a snail-covered altar of Cheibriados.
  2472 | D:3      | Found an iron altar of Okawaru.
  2482 | D:3      | Found a basalt altar of Yredelemnul.
  2921 | D:4      | Noticed Grinder
  2924 | D:4      | Killed Grinder
  2925 | D:4      | Reached skill level 8 in Stealth
  2925 | D:4      | Reached XP level 6. HP: 35/35 MP: 6/6
  2988 | D:4      | Noticed an ogre
  3001 | D:4      | Killed an ogre
  3002 | D:4      | Reached XP level 7. HP: 20/40 MP: 7/7
  3108 | D:4      | Found a shadowy altar of Dithmenos.
  3290 | D:4      | Reached skill level 9 in Stealth
  3478 | D:4      | Found a transporter.
  3570 | D:4      | Found a transporter.
  3586 | D:4      | Noticed Fractals's ghost (amateur DsGl)
  3876 | D:4      | Found a staircase to the Ecumenical Temple.
  3886 | Temple   | Entered the Ecumenical Temple
  3922 | D:5      | Entered Level 5 of the Dungeon
  3979 | D:5      | Reached XP level 8. HP: 44/44 MP: 8/8
  4044 | D:5      | Reached skill level 10 in Stealth
  4441 | D:5      | Found a shimmering altar of Xom.
  4599 | D:5      | Reached skill level 11 in Stealth
  5013 | D:6      | Found a hide-covered altar of Uskayaw.
  5029 | D:6      | Reached skill level 10 in Short Blades
  5029 | D:6      | Reached XP level 9. HP: 48/48 MP: 9/9
  5039 | D:6      | Became a worshipper of Uskayaw the Reveller
  5113 | D:6      | Found a burning altar of Makhleb.
  5156 | D:6      | Reached * piety under Uskayaw
  5160 | D:6      | Reached ** piety under Uskayaw
  5202 | D:6      | Reached skill level 12 in Stealth
  5258 | D:6      | Reached *** piety under Uskayaw
  5466 | D:6      | Found a glowing golden altar of the Shining One.
  5467 | D:6      | Found a radiant altar of Vehumet.
  5717 | D:6      | Noticed Eustachio
  5748 | D:6      | Killed Eustachio
  6113 | D:7      | Reached skill level 13 in Stealth
  6114 | D:7      | Reached **** piety under Uskayaw
  7012 | D:8      | Noticed Grum
  7017 | D:8      | Killed Grum
  7044 | D:8      | Reached XP level 10. HP: 53/56 MP: 10/10
  7057 | D:8      | Reached ***** piety under Uskayaw
  7169 | D:8      | Noticed Prince Ribbit
  7191 | D:8      | Killed Prince Ribbit
  7372 | D:8      | You fall into a shaft and drop 1 floor!
  7430 | D:9      | Killed from afar by an orc priest

Illustrated notes

Levels and vault maps discovered:
D:1:      tarquinn_simple_flora_water_b, layout_loops_ring,
          minmay_misc_feat_encased
D:2:      layout_loops_ring, uniq_natasha
D:3:      layout_basic, jmf_multi_god_temple2, lemuel_crystal_altar,
          serial_shops, nicolae_shop_trees, nrook_loot_triangle, uniq_robin
D:4:      layout_rooms, mainiacjoe_overflow_six_doors_small, temple_hall,
          gammafunk_ghost_gnarly_gnolls, minmay_door_square, uniq_grinder
D:5:      layout_basic, nicolae_overflow_crystal_walls
D:6:      layout_basic, bloody_makhleb, nicolae_uskayaw_dance_hall,
          nicolae_overflow_squiral, uniq_eustachio
D:7:      layout_loops_ring
D:8:      layout_loops_ring, david_lair_generic, minmay_misc_feat_alley,
          uniq_grum, uniq_jeremiah, uniq_prince_ribbit1
D:9:      layout_loops_ring, nrook_campfire, minivault_7
Temple:   cyrus_circular_temple

Skill      XL: |  1  2  3  4  5  6  7  8  9 10 |
---------------+-------------------------------+-----
Short Blades   | 3 4 6 8 10 11 12 | 12.1
Stealth        | 6 8 9 11 13 | 13.8
Dodging        | 3 4 |  4.2
Fighting       | 3 4 |  4.3
Throwing       | |  2.5

Action                     |  1- 3 |  4- 6 |  7- 9 | 10-12 || total
---------------------------+-------+-------+-------+-------++-------
  Melee: Dagger            |    78 |   114 |   248 |    70 ||   510
         Unarmed           |       |       |    11 |       ||    11
  Throw: Dart              |       |     2 |     3 |     3 ||     8
  Evoke: Wand              |       |       |     2 |       ||     2
    Use: Scroll            |       |       |     6 |       ||     6
         Potion            |       |       |       |     2 ||     2
   Stab: Sleeping          |    16 |    11 |    39 |     3 ||    69
         Distracted        |       |     2 |     1 |       ||     3
         Confused          |       |       |     4 |       ||     4
         Paralysed         |       |       |     7 |     1 ||     8
 Armour: Robe              |    24 |    46 |    77 |    32 ||   179
         Skin              |       |       |     3 |       ||     3
  Dodge: Dodged            |    29 |    60 |    98 |    43 ||   230

Table legend: (Time is in decaauts)
 A = Elapsed time spent in this place.
 B = Non-inter-level travel time spent in this place.
 C = Inter-level travel time spent in this place.
 D = Time resting spent in this place.
 E = Time spent auto-exploring this place.
 F = Levels seen in this place.
 G = Mean time per level.
                   A        B        C        D        E       F      G
               +--------+--------+--------+--------+--------+-----+--------+
         Total |   7245 |   6989 |    256 |    186 |   5720 |  10 |  724.5 |
       Dungeon |   7243 |   6987 |    256 |    186 |   5720 |   9 |  804.8 |
        Temple |      1 |      1 |      0 |      0 |      0 |   1 |    1.0 |
               +--------+--------+--------+--------+--------+-----+--------+

Top non-repeatable levels by time:
     D:3: 1290 daAuts
     D:5: 1003 daAuts
     D:7: 986 daAuts
     D:6: 955 daAuts
     D:2: 941 daAuts
     D:4: 883 daAuts
     D:1: 751 daAuts
     D:8: 391 daAuts
     D:9: 40 daAuts
  Temple: 1 daAuts
